 Dungeon Crawl Stone Soup version 0.30-b1-2-g02819fbbbe (webtiles) character file.

Game seed: 7101417470697727082

23892 Flugkiller the Transmogrifier (level 12, -6/91 HPs)
             Began as a Vampire Hedge Wizard on May 15, 2023.
             Was a Believer of Ashenzari.
             Mangled by a black mamba (11 damage)
             ... on level 3 of the Lair of Beasts on May 16, 2023.
             The game lasted 00:58:00 (11019 turns).

Flugkiller the Transmogrifier (VpHW)               Turns: 11019, Time: 00:58:01

Health: -6/91      AC: 12    Str:  9    XL:     12   Next: 75%
Magic:  3/22       EV: 14    Int: 20    God:    Ashenzari [**....]
Gold:   297        SH:  0    Dex: 21    Spells: 10/25 levels left

rFire   + . .        N - staff of fire "Ensconced Together" (curse) {rF+, Bglg, Comp} (curse)
rCold   + . .        (no shield)
rNeg    . . .        J - +2 ring mail {rC+}
rPois   .            C - +1 helmet of the Ruined Sky {Elem, Alch} (curse)
rElec   .            (no cloak)
rCorr   .            L - +2 pair of gloves of Ashenzari's Adversity {Bglg, Self} (curse)
SInv    +            (no boots)
Will    +....        k - amulet of magic regeneration
Stlth   ++           T - ring of the Prophetic Sky {Dex+6, Fort, Bglg} (curse)
HPRegen 0.55/turn    (no ring)
MPRegen 0.58/turn

%: no passive effects
@: lethally poisoned (-6 -> -47), about to teleport, slightly contaminated,
healing quickly
A: alive, fangs 3, see invisible, vampiric 2
a: Exsanguinate, Renounce Religion, Shatter the Chains


You were on level 3 of the Lair of Beasts.
You worshipped Ashenzari.
Ashenzari was pleased with you.
You visited 3 branches of the dungeon, and saw 15 of its levels.
You also visited: Sewer.

You collected 757 gold pieces.
You spent 460 gold pieces at shops.

Inventory:

Hand Weapons
 p - the +2 sling "Jiux Mul" {freeze, rPois Will- Str+6 Stlth+}
   (You found it on level 2 of the Lair of Beasts)

   Str:       It affects your strength (+6).
   rPois:     It protects you from poison.
   Will:      It decreases your willpower.
   Stlth:     It makes you more stealthy.
 r - a +0 trident of venom
   (You found it on level 9 of the Dungeon)
 D - a +1 war axe of flaming
   (You found it on level 4 of the Dungeon)
 G - a +2 whip of electrocution
   (You took it off Pikel on level 4 of the Dungeon)
 S - the +6 mace of the Dripping Gods {freeze, rC- Str+7 Dex+2}
   (You found it on level 10 of the Dungeon)

   Str:       It affects your strength (+7).
   Dex:       It affects your dexterity (+2).
   rC:        It makes you vulnerable to cold.
Missiles
 a - 4 throwing nets
 v - 27 poisoned darts
Armour
 u - a +2 leather armour of willpower
   (You took it off an orc on level 7 of the Dungeon)
 C - the cursed +1 helmet of the Ruined Sky (worn) {Elem, Alch}
   (You found it on level 3 of the Dungeon)

   It has a curse which improves the following skills: Elements: Fire Magic, Ice
   Magic, Air Magic and Earth Magic.
   Alchemy:   Poison Magic and Transmutations.
 J - a +2 ring mail of cold resistance (worn)
   (You took it off an orc on level 4 of the Dungeon)
 L - the cursed +2 pair of gloves of Ashenzari's Adversity (worn) {Bglg, Self}
   (You found it on level 2 of the Dungeon)

   It has a curse which improves the following skills: Beguiling: Conjurations,
   Hexes and Translocations.
   Introspection: Fighting and Spellcasting.
 V - a +0 troll leather armour
   (You found it on level 11 of the Dungeon)
Magical Staves
 N - the cursed staff of fire "Ensconced Together" (weapon) {rF+, Bglg, Comp}
   (You found it on level 6 of the Dungeon)

   [staff of fire]

   Base accuracy: +5 Base damage: 5 Base attack delay: 1.2 This weapon's minimum
   attack delay (0.6) is reached at skill level 12.
   rF:        It protects you from fire.
   It falls into the 'Staves' category.
   It is a one-handed weapon.
   It has a curse which improves the following skills: Beguiling: Conjurations,
   Hexes and Translocations.
   Companions: Summonings and Necromancy.
 X - a staff of fire
   (You found it on level 1 of the Lair of Beasts)
Jewellery
 j - an amulet of guardian spirit
   (You found it on level 2 of the Dungeon)
 k - an amulet of magic regeneration (around neck)
   (You found it on level 4 of the Dungeon)
 R - an amulet of the acrobat
   (You found it on level 10 of the Dungeon)
 T - the cursed ring of the Prophetic Sky (left hand) {Dex+6, Fort, Bglg}
   (You found it on level 3 of the Lair of Beasts)

   [ring of dexterity]

   Dex:       It affects your dexterity (+6).
   It has a curse which improves the following skills: Fortitude: Armour and
   Shields.
   Beguiling: Conjurations, Hexes and Translocations.
Wands
 e - a wand of mindburst (16)
   (You found it on level 10 of the Dungeon)
 B - a wand of flame (19)
   (You took it off Ijyb on level 3 of the Dungeon)
 O - a wand of iceblast (2)
   (You found it on level 8 of the Dungeon)
 P - a wand of charming (17)
   (You found it on level 6 of the Dungeon)
 Q - a wand of polymorph (8)
   (You found it on level 8 of the Dungeon)
 U - a wand of acid (10)
   (You found it on level 11 of the Dungeon)
Scrolls
 b - a scroll of enchant armour
 c - a scroll of immolation
 i - 3 scrolls of poison
 n - a scroll of fog
 o - 3 scrolls of magic mapping
 t - 4 scrolls of teleportation
 y - a scroll of brand weapon
 z - a scroll of blinking
 E - 3 scrolls of amnesia
 I - a scroll of enchant weapon
 M - a scroll of vulnerability
 W - a scroll of summoning
Potions
 d - 4 potions of might
 f - 2 potions of cancellation
 g - 2 potions of attraction
 h - 4 potions of haste
 l - 3 potions of magic
 m - a potion of berserk rage
 q - 5 potions of curing
 s - 2 potions of invisibility
 w - a potion of heal wounds
 x - a potion of mutation
 A - 3 potions of flight
 F - a potion of ambrosia
 H - 2 potions of brilliance
 K - 2 potions of lignification


   Skills:
 - Level 6.3(7.5) Fighting
 - Level 2.0 Short Blades
 - Level 8.0 Dodging
 - Level 4.0 Stealth
 - Level 6.0(7.1) Spellcasting
 - Level 8.2(10.6) Conjurations
 - Level 3.0(4.0) Summonings
 - Level 0.7(1.9) Translocations
 - Level 10.2(11.3) Transmutations
 - Level 7.0(8.2) Fire Magic
 - Level 0.9(1.6) Air Magic
 + Level 3.3(4.4) Poison Magic
 - Level 6.0 Evocations


You had 10 spell levels left.
You knew the following spells:

 Your Spells              Type           Power      Damage    Failure   Level
a - Magic Dart            Conj           100%       1d8       1%          1
b - Call Imp              Summ           46%        N/A       8%          2
c - Mephitic Cloud        Conj/Pois/Air  29%        N/A       9%          3
d - Flame Wave            Conj/Fire      61%        2d14      5%          4
i - Irradiate             Conj/Tmut      25%        3d20      8%          5

Your spell library contained the following spells:

 Spells                   Type           Power      Damage    Failure   Level
 Scorch                   Fire           100%       2d9       1%          2
 Ignite Poison            Fire/Tmut/Pois 56%        N/A       3%          3
 Dazzling Flash           Conj/Hex       56%        N/A       9%          3
 Cigotuvi's Dreadful Rot  Necr/Pois/Air  30%        N/A       17%         2
 Blink                    Tloc           28%        N/A       19%         2
 Slow                     Hex            32%        N/A       24%         1
 Petrify                  Tmut/Erth      30%        N/A       24%         4
 Sublimation of Blood     Necr           7%         N/A       36%         2
 Vhi's Electric Charge    Tloc/Air       28%        N/A       36%         3
 Olgreb's Toxic Radiance  Pois           24%        N/A       38%         4
 Arcjolt                  Conj/Air       15%        1d25      52%         5
 Freezing Cloud           Conj/Ice/Air   11%        6-21      80%         5
 Dispel Undead            Necr           7%         3d8       94%         4
 Silence                  Hex/Air        5%         N/A       99%         5
 Agony                    Necr           7%         N/A       100%        5
 Death Channel            Necr           3%         N/A       100%        6
 Summon Cactus Giant      Summ           11%        N/A       100%        6
 Discord                  Hex            4%         N/A       100%        8
 Ignition                 Fire           28%        3d9       100%        8
 Maxwell's Capacitive Co  Air            6%         ∞         100%        8


Dungeon Overview and Level Annotations

Branches:
Dungeon (11/15) Zot: 26432  Temple (1/1) D:7 Zot: 5961    Lair (3/5) D:11 Zot: 16405
  Swamp (0/4) Lair:2          Orc (0/2) D:10          Sewer (visited)
  Snake: Lair:2-3    Spider: Lair:2-3

Altars:
Ashenzari
Cheibriados
Dithmenos
Fedhas
Gozag
Hepliaklqana
Kikubaaqudgha
Makhleb
Qazlal
Ru
Sif Muna
Trog
Uskayaw
Vehumet
Wu Jian
Yredelemnul

Shops:
D:3 :   D:11 :

Annotations:
D:2 Sigmund
D:4 Robin
D:8 Grum, Joseph, Psyche
D:10 3 runed translucent doors
Lair:2 exclusion: oklob plant


Innate Abilities, Weirdness & Mutations

Your natural rate of healing is accelerated.
You have razor-sharp teeth.
You have supernaturally acute eyesight. (SInv)
You are afflicted with vampirism and can become a bat while bloodless.


Message History

The plant is heavily damaged.
The flame wave engulfs the black mamba!
You kill the black mamba! (Press . to intensify the flame waves.)
The water moccasin hisses angrily.
You hear an angry hiss.
A nearby plant withers and dies.
The water moccasin barely misses you.
Your base Poison Magic skill increases to level 3!
A wave of flame ripples out!
The flame wave engulfs the water moccasin!
You kill the water moccasin!
The flame wave engulfs the plant!!
The plant is moderately damaged.
You hear an angry hiss. x2
A water moccasin comes into view.
A black mamba comes into view.
A wave of flame ripples out!
The flame wave engulfs the plant!!
The plant is moderately damaged.
The flame wave engulfs the black mamba!
The black mamba is lightly wounded.
The flame wave engulfs the fungus!
The fungus is lightly damaged.
You finish channelling waves of flame.
A nearby plant withers and dies.
Casting: Flame Wave (dangerous; 5% risk of failure)
Confirm with . or Enter, or press ? or * to list all spells.
You feel a surge of power!
A wave of flame ripples out!
The flame wave engulfs the black mamba!
The black mamba is heavily wounded. (Press . to intensify the flame waves.)
You hear an angry hiss. x2
A nearby fungus withers and dies.
The black mamba bites you!
You are poisoned.
The black mamba poisons you!
A wave of flame ripples out!
The flame wave engulfs the black mamba!
The black mamba is severely wounded.
The flame wave engulfs the water moccasin!!
The water moccasin is severely wounded.
You feel very sick.
A black mamba comes into view.
The black mamba misses you.
The water moccasin bites you but does no damage.
The black mamba completely misses you.
The water moccasin bites you but does no damage.
A wave of flame ripples out!
The flame wave engulfs the black mamba!
The black mamba is almost dead.
The flame wave engulfs the water moccasin!!
You kill the water moccasin!
The flame wave engulfs the black mamba!
The black mamba is heavily wounded.
The flame wave engulfs the water moccasin!
The water moccasin is heavily wounded.
You finish channelling waves of flame.
You feel very sick. The black mamba bites you!
You are more poisoned.
The black mamba poisons you! The black mamba closely misses you.
The black mamba barely misses you.
You feel better.
The black mamba bites you but does no damage. x2
A water moccasin comes into view.
The black mamba completely misses you. The black mamba bites you!
Unknown command.
Okay, then.
Casting: Flame Wave (dangerous; 5% risk of failure)
Confirm with . or Enter, or press ? or * to list all spells.
You miscast Irradiate.
Your body is twisted painfully.
You are lightly contaminated with residual magic.
The black mamba bites you.
You are poisoned.
The black mamba poisons you! The black mamba closely misses you.
The black mamba bites you. The black mamba completely misses you.
As you read the scroll of teleportation, it crumbles to dust.
You feel strangely unstable.
You feel very sick. The black mamba bites you.
You are more poisoned.
The black mamba poisons you! The black mamba bites you.
* * * LOW HITPOINT WARNING * * *
Unknown command.
The black mamba attacks as you move away!
The black mamba bites you!
* * * LOW HITPOINT WARNING * * *
x2 You feel extremely sick.
The black mamba misses you. The black mamba bites you.
* * * LOW HITPOINT WARNING * * *
You are more poisoned.
The black mamba poisons you!
You feel better. The black mamba barely misses you.
The black mamba bites you but does no damage.
The black mamba bites you!
* * * LOW HITPOINT WARNING * * *
You are lethally poisoned!
The black mamba poisons you! The black mamba barely misses you.
You feel much better.
* * * LOW HITPOINT WARNING * * *
You feel very sick. The black mamba bites you!
* * * LOW HITPOINT WARNING * * *
You are more poisoned.
The black mamba poisons you! The black mamba bites you!
You die...

...........# ... *
.##........# ....
.###.......# *#..# , ,
####.......# #S.# ,
##.........# *... *
###........# #S# ,
##.......# ##S## * ,,
#........# ##S..# , *
##......## #@S.## ##......#
#.S.# ###.+..####
####..#######
#....†....####.#.........#
*
#.........#.##...........#
,
...........#..#..>.......##
, *
+.........+..............P#
,
#..........#####.........##
..........## #.........# *


You could see 3 black mambas and 2 water moccasins.

Vanquished Creatures
  Fannar (Lair:3)
  A hydra (Lair:1)
  Harold (D:10)
  Erolcha (D:10)
  2 two-headed ogres
  A tengu warrior (D:9)
  Nergalle (Lair:2)
  A skyshark (Lair:2)
  Pikel (D:4)
  A lindwurm (Lair:3)
  3 black mambas
  6 elephants (Lair:2)
  3 cane toads (Lair:1)
  A gargoyle (D:11)
  An unseen horror (D:11)
  A kobold demonologist (D:7)
  3 rime drakes
  7 komodo dragons
  2 trolls
  A polar bear (Lair:3)
  Grinder (D:3)
  2 hornets
  3 shadows
  A vampire (D:10)
  12 yaks
  2 wyverns
  2 steam dragons
  2 basilisks (Lair:1)
  2 acid dragons (D:9)
  A two-headed ogre zombie (D:10)
  7 water moccasins
  4 orc warriors
  2 ice beasts
  A black bear (D:5)
  A sky beast (D:7)
  2 ogres
  8 wolves
  4 centaurs
  3 lemures (D:4)
  3 phantoms
  2 kobold brigands
  7 bullfrogs
  3 gnoll sergeants
  5 scorpions
  A troll zombie (D:10)
  3 jellies
  A howler monkey (D:4)
  A crimson imp (D:4)
  5 hounds
  2 orc priests
  2 gnoll boudas
  6 iguanas
  11 orc wizards
  5 hell rats (Lair:2)
  Ijyb (D:3)
  6 ogre zombies (D:10)
  A mummy (D:4)
  19 gnolls
  6 adders
  A river rat (Sewer)
  2 shadow imps (D:6)
  A white imp (D:5)
  2 ufetubi (D:5)
  A worm (D:3)
  3 dart slugs
  31 orcs
  10 bats
  8 endoplasms
  3 giant cockroaches
  10 hobgoblins
  7 jackals
  5 quokkas
  10 ball pythons
  7 frilled lizards
  14 goblins
  7 goblin zombies (D:10)
  2 hobgoblin skeletons (D:10)
  5 hobgoblin zombies
  13 kobolds
  A kobold zombie (D:4)
  2 orc skeletons (D:10)
  11 orc zombies
  10 rats
  A spectral hobgoblin (D:2)
  A spectral orc (D:3)
357 creatures vanquished.

Vanquished Creatures (collateral kills)
  An ogre (D:7)
  A lemure (D:3)
  A scorpion (D:7)
  A hound (D:5)
  An iguana (D:5)
  An orc wizard (D:7)
  2 gnolls (D:7)
  4 river rats (Sewer)
  2 adders
  A white imp (D:5)
  6 orcs
  A goblin (D:4)
  A kobold (D:9)
  An orc zombie (D:4)
  A rat (Sewer)
25 creatures vanquished.

Vanquished Creatures (others)
  An iguana (D:7)
  14 fungi
  10 plants
25 creatures vanquished.

Grand Total: 407 creatures vanquished

Notes
Turn   | Place    | Note
-------+----------+-------------------------------------------
     0 | D:1      | Flugkiller the Vampire Hedge Wizard began the quest for the
                  | Orb.
     0 | D:1      | Reached XP level 1. HP: 13/13 MP: 4/4
    74 | D:1      | Reached skill level 1 in Conjurations
   178 | D:1      | Reached XP level 2. HP: 6/19 MP: 2/6
   985 | D:2      | Gained mutation: You are afflicted with vampirism and can
                  | become a bat while bloodless. [Vampire growth]
   985 | D:2      | Reached XP level 3. HP: 25/25 MP: 5/7
   988 | D:2      | Reached skill level 1 in Fighting
  1001 | D:2      | Learned a level 2 spell: Call Imp
  1055 | D:2      | Noticed Sigmund
  1286 | D:2      | Found a faded altar of an unknown god.
  1662 | D:3      | Reached XP level 4. HP: 31/32 MP: 2/8
  2018 | D:3      | Noticed Ijyb
  2024 | D:3      | Noticed Grinder
  2041 | D:3      | Killed Ijyb
  2075 | D:3      | Found a glowing drain.
  2080 | D:3      | Killed Grinder
  2081 | D:3      | Reached XP level 5. HP: 23/38 MP: 1/11
  2081 | D:3      | Reached XP level 6. HP: 27/44 MP: 1/12
  2094 | Sewer    | Entered a sewer
  2143 | Sewer    | Learned a level 3 spell: Mephitic Cloud
  2630 | D:3      | Found Ufiefev's Book Shoppe.
  2768 | D:3      | Found a basalt altar of Yredelemnul.
  2939 | D:4      | Noticed Robin
  2940 | D:4      | Noticed Pikel
  3039 | D:4      | Reached skill level 1 in Short Blades
  3423 | D:4      | Learned a level 5 spell: Irradiate
  3674 | D:4      | Found a radiant altar of Vehumet.
  3674 | D:4      | Found a burning altar of Makhleb.
  3958 | D:4      | Killed Pikel
  3959 | D:4      | Reached skill level 2 in Transmutations
  3959 | D:4      | Reached XP level 7. HP: 21/50 MP: 8/14
  3996 | D:4      | Reached skill level 3 in Transmutations
  3996 | D:4      | Reached XP level 8. HP: 43/56 MP: 12/15
  4246 | D:5      | Entered Level 5 of the Dungeon
  4339 | D:5      | Reached skill level 5 in Spellcasting
  4502 | D:5      | Reached skill level 4 in Transmutations
  5004 | D:5      | Reached skill level 5 in Conjurations
  5080 | D:5      | Reached skill level 5 in Transmutations
  5305 | D:5      | Reached XP level 9. HP: 61/61 MP: 18/18
  5488 | D:5      | Reached skill level 6 in Transmutations
  5661 | D:6      | Found a sacrificial altar of Ru.
  6197 | D:6      | Reached skill level 1 in Evocations
  6501 | D:7      | Noticed a kobold demonologist
  6672 | D:7      | Found a staircase to the Ecumenical Temple.
  6681 | Temple   | Entered the Ecumenical Temple
  6702 | Temple   | Became a worshipper of Ashenzari the Shackled
  6880 | D:7      | Noticed an ice devil
  6893 | D:7      | Noticed a hellwing
  7034 | D:7      | Reached skill level 7 in Transmutations
  7342 | D:8      | Paralysed by a hornet for 3 turns
  7347 | D:8      | Reached skill level 8 in Transmutations
  7447 | D:7      | Killed a kobold demonologist
  7448 | D:7      | Reached XP level 10. HP: 65/67 MP: 4/19
  7468 | D:8      | Found an ancient bone altar of Kikubaaqudgha.
  7571 | D:8      | Noticed Grum
  7605 | D:8      | Noticed Joseph
  7607 | D:8      | Noticed Psyche
  7828 | D:9      | Found a stormy altar of Qazlal.
  7837 | D:9      | Found an ornate altar of the Wu Jian Council.
  7884 | D:9      | Noticed a tengu warrior
  7994 | D:9      | Reached * piety under Ashenzari
  8023 | D:9      | Reached skill level 9 in Transmutations
  8043 | D:9      | Learned a level 4 spell: Flame Wave
  8176 | D:9      | Killed a tengu warrior
  8232 | D:10     | Entered Level 10 of the Dungeon
  8319 | D:10     | Noticed Harold
  8320 | D:10     | Found a staircase to the Orcish Mines.
  8402 | D:10     | Found a shimmering blue altar of Sif Muna.
  8402 | D:10     | Identified Sif Muna's Volume of the Boggart
  8402 | D:10     | Identified Sif Muna's Elucidation of the Blizzard
  8402 | D:10     | Identified Sif Muna's Grimoire of Corruption
  8427 | D:10     | Killed Harold
  8428 | D:10     | Reached skill level 5 in Dodging
  8428 | D:10     | Reached skill level 1 in Fire Magic
  8519 | D:10     | Reached XP level 11. HP: 74/79 MP: 0/21
  8613 | D:10     | Reached skill level 5 in Evocations
  8619 | D:10     | Noticed Erolcha
  8664 | D:10     | Killed Erolcha
  8665 | D:10     | Reached skill level 10 in Transmutations
  8701 | D:10     | Found a runed translucent gate.
  8701 | D:10     | Found a runed translucent gate.
  8701 | D:10     | Found a runed translucent gate.
  8701 | D:10     | Noticed a green ugly thing
  8702 | D:10     | Noticed a cyan ugly thing
  8711 | D:10     | Noticed a two-headed ogre
  8711 | D:10     | Identified the +6 mace of the Dripping Gods {freeze, rC-
                  | Str+7 Dex+2}
  8718 | D:10     | Killed a two-headed ogre
  8736 | D:10     | Noticed a cyan ugly thing
  8736 | D:10     | Noticed a purple ugly thing
  8869 | D:11     | Found a staircase to the Lair.
  9133 | D:11     | Noticed a two-headed ogre
  9155 | D:11     | Killed a two-headed ogre
  9230 | D:11     | Found Udghi's Book Emporium.
  9296 | D:11     | Bought the Unrestrained Analects for 460 gold pieces
  9429 | Lair:1   | Entered Level 1 of the Lair of Beasts
  9558 | Lair:1   | Reached ** piety under Ashenzari
  9607 | Lair:1   | Noticed a six-headed hydra
  9617 | Lair:1   | Reached skill level 5 in Fighting
  9617 | Lair:1   | Killed a six-headed hydra
  9826 | Lair:1   | Reached XP level 12. HP: 86/91 MP: 14/23
 10130 | Lair:2   | Noticed Nergalle
 10137 | Lair:2   | Killed Nergalle
 10424 | Lair:2   | Reached skill level 5 in Fire Magic
 10532 | Lair:2   | Found a staircase to the Swamp.
 10576 | Lair:2   | Identified the +2 sling "Jiux Mul" {freeze, rPois Will-
                  | Str+6 Stlth+}
 10765 | Lair:2   | Reached *** piety under Ashenzari
 10954 | Lair:3   | Reached skill level 1 in Poison Magic
 10975 | Lair:3   | Noticed Fannar
 11007 | Lair:3   | Killed Fannar
 11018 | Lair:3   | HP: 3/91 [black mamba (9)]
 11019 | Lair:3   | Mangled by a black mamba

Illustrated notes

Levels and vault maps discovered:
D:1:      dpeg_arrival_arbitrary_b, layout_loops_corners
D:2:      layout_basic, dreamdust_ecumenical_altar_drowned_temple, uniq_sigmund
D:3:      layout_loops_ring, yredelemnul_forgotten_temple_becter, serial_shops,
          shop_fountains, cheibrodos_sewer_entry_bend, uniq_grinder, uniq_ijyb
D:4:      layout_gridville, marbit_many_paths,
          grunt_temple_overflow_lords_of_destruction, serial_park_tiny_1,
          minmay_mini_ossuary, uniq_robin, uniq_pikel
D:5:      minmay_evil_eye, layout_rooms, minmay_misc_feat_secret_circle,
          chequers_serial_rivers_small_b, minmay_fractal_squares_diagonal_5
D:6:      layout_basic, nicolae_ru_awakened_eye, minmay_curled_crystal
D:7:      layout_cave_pools, minmay_temple_entry_drinking_statues
D:8:      layout_cave_pools, kiku_gazebo_pond_becter, uniq_joseph, uniq_psyche,
          uniq_grum
D:9:      layout_rooms, mainiacjoe_overflow_big_doors, st_stairs_14,
          small_chamber_with_monster
D:10:     layout_basic, nicolae_sif_muna_little_library, zombieorc2_lemuel,
          ploomutoo_gammafunk_ghost_potion_laboratory, uniq_erolcha, uniq_harold
D:11:     layout_basic, lair_entry_dummy, serial_shops,
          nicolae_shop_tiny_real_fake_doors
Temple:   compressed_dpeg_triangle_lava_temple
Lair:1:   layout_regular_city
Lair:2:   layout_small_grid, swamp_mist, serial_bayou_shore_a, uniq_nergalle
Lair:3:   layout_roguey, minmay_snake_entry_six_corridors, uniq_fannar

Skill      XL: |  1  2  3  4  5  6  7  8  9 10 11 12 |
---------------+-------------------------------------+-----
Conjurations   | 1 2 3 4 5 7 8 |  8.2
Fighting       | 1 2 3 5 6 |  6.3
Summonings     | 3 |  3.0
Spellcasting   | 4 6 |  6.0
Short Blades   | 2 |  2.0
Stealth        | 4 |  4.0
Transmutations | 2 3 5 8 9 10 | 10.2
Evocations     | 2 4 6 |  6.0
Dodging        | 5 6 8 |  8.0
Fire Magic     | 1 4 7 |  7.0
Poison Magic   | 3 |  3.3
Translocations | |  0.7
Air Magic      | |  0.9

Action                     |  1- 3 |  4- 6 |  7- 9 | 10-12 || total
---------------------------+-------+-------+-------+-------++-------
  Melee: Dagger            |    66 |   112 |       |       ||   178
         Bite              |     5 |    17 |    27 |    15 ||    64
         Spear             |     1 |       |     7 |       ||     8
         War axe           |       |    38 |       |       ||    38
         Punch             |       |     2 |     4 |       ||     6
         Whip              |       |       |   146 |    45 ||   191
         Staff             |       |       |       |    47 ||    47
   Cast: Magic Dart        |    80 |   111 |   201 |    83 ||   475
         Call Imp          |     2 |    27 |    26 |     2 ||    57
         Mephitic Cloud    |       |     2 |    33 |    24 ||    59
         Irradiate         |       |       |     6 |    53 ||    59
         Flame Wave        |       |       |       |    68 ||    68
 Invoke: Curse Item        |       |       |       |     5 ||     5
         Shatter the Chain |       |       |       |     1 ||     1
  Evoke: Wand              |       |     5 |     3 |     4 ||    12
    Use: Potion            |       |     4 |     3 |     5 ||    12
         Scroll            |       |     8 |     8 |     6 ||    22
   Stab: Sleeping          |     1 |     7 |     1 |       ||     9
         Distracted        |       |       |     2 |       ||     2
         Confused          |       |       |     3 |     1 ||     4
 Armour: Robe              |    16 |    38 |    55 |       ||   109
         Leather armour    |       |       |    10 |       ||    10
         Steam dragon scal |       |       |     5 |   105 ||   110
         Ring mail         |       |       |       |     6 ||     6
         Troll leather arm |       |       |       |     1 ||     1
  Dodge: Dodged            |    49 |   106 |   141 |   243 ||   539
